 Dungeon Crawl Stone Soup version 0.26.0-16-gc1dbca0489 (webtiles) character file.

Game seed: 9296296671296616115

86 wojtek the Chopper (level 4, -4/39 HPs)
             Began as a Minotaur Fighter on Jan 20, 2021.
             Killed from afar by Sigmund (7 damage)
             ... with a magic dart
             ... on level 2 of the Dungeon.
             The game lasted 00:02:27 (2160 turns).

wojtek the Chopper (Minotaur Fighter)               Turns: 2160, Time: 00:02:29

Health: -4/39      AC:  6    Str: 21    XL:     4   Next: 26%
Magic:  3/3        EV:  7    Int:  5    God:
Gold:   89         SH:  0    Dex: 10    Spells: 3/3 levels left

rFire    . . .     SeeInvis .   a - +0 war axe
rCold    . . .     Faith    .   c - +0 kite shield
rNeg     . . .     Spirit   .   b - +0 scale mail
rPois    .         Reflect  .   (helmet restricted)
rElec    .         Harm     .   (no cloak)
rCorr    .         Rampage  .   (no gloves)
Will     .....                  (no boots)
Stlth    ..........             (no amulet)
HPRegen  0.13/turn              (no ring)
MPRegen  0.08/turn              (no ring)

@: confused
A: retaliatory headbutt, horns 2
a: no special abilities


You were on level 2 of the Dungeon.
You visited 1 branch of the dungeon, and saw 2 of its levels.

You collected 89 gold pieces.

Inventory:

Hand Weapons
 a - a +0 war axe (weapon)
Missiles
 k - 28 stones
 m - 8 boomerangs (quivered)
Armour
 b - a +0 scale mail (worn)
 c - a +0 kite shield (worn)
 q - a +0 chain mail
Wands
 v - a wand of paralysis (9)
Scrolls
 e - a scroll of enchant weapon {unknown}
 f - 2 scrolls of remove curse {unknown}
 h - 3 scrolls of amnesia {unknown}
 j - 5 scrolls of enchant armour {unknown}
 l - a scroll of fear {unknown}
 n - a scroll of teleportation {unknown}
 o - a scroll of identify {unknown}
 p - a scroll of fog {unknown}
Potions
 d - a potion of might
 g - a potion of mutation {unknown}
 i - a potion of brilliance {unknown}
 r - a potion of magic {unknown}
 s - a potion of curing {unknown}
 t - a potion of heal wounds {unknown}
 u - a potion of lignification {unknown}


   Skills:
 - Level 3.6 Fighting
 + Level 5.5 Axes
 - Level 3.6 Armour
 - Level 3.6 Shields


You had 3 spell levels left.
You didn't know any spells.
Your spell library was empty.

Dungeon Overview and Level Annotations

Branches:
Dungeon (2/15)

Altars:

Annotations:
D:2 Sigmund


Innate Abilities, Weirdness & Mutations

You reflexively headbutt those who attack you in melee.
You have a pair of horns on your head.


Message History

You barely miss something.
You hear some strange, mumbled words.
A magic dart appears from out of thin air!
The magic dart hits you.
You miss something.
You hear some strange, mumbled words.
A magic dart appears from out of thin air!
The magic dart hits you!
* * * LOW HITPOINT WARNING * * *
Something hits you.
* * * LOW HITPOINT WARNING * * *
You barely miss something. You miss something.
You hear some strange, mumbled words.
You are confused.
You hear some strange, mumbled words.
Something tries to affect you, but you resist.
A magic dart appears from out of thin air!
The magic dart hits you!
You die...

###.### #.# #.# #.#
#.# #.# ##'## #.#
##...## #####.####
#..<..## #........#
.......###.##..##.###
........##.#......{.#
........'....>..@.#.#
........##.#...#..#.#
...)...###........#.#
#.....## ###.##.###.#
##...## #........#
##'## ####.##### #.#
#.# #.# #. ##.##


There were no monsters in sight!

Vanquished Creatures
  3 adders (D:2)
  A worm (D:2)
  2 dart slugs
  A bat (D:1)
  14 goblins
  9 hobgoblins
  6 jackals (D:1)
  3 frilled lizards
  2 kobolds (D:1)
  6 rats
47 creatures vanquished.

Notes
Turn   | Place    | Note
-------+----------+-------------------------------------------
     0 | D:1      | wojtek the Minotaur Fighter began the quest for the Orb.
     0 | D:1      | Reached XP level 1. HP: 19/19 MP: 0/0
   161 | D:1      | Reached skill level 3 in Axes
   237 | D:1      | Reached XP level 2. HP: 26/26 MP: 1/1
   570 | D:1      | Reached skill level 4 in Axes
   890 | D:1      | Reached XP level 3. HP: 31/31 MP: 2/2
  1593 | D:2      | Reached skill level 5 in Axes
  1630 | D:2      | Reached XP level 4. HP: 39/39 MP: 3/3
  2135 | D:2      | Noticed Sigmund
  2160 | D:2      | Killed from afar by Sigmund

Illustrated notes

Levels and vault maps discovered:
D:1:      zelgadis_glass_arrival_small, layout_loops_cross,
          minmay_misc_feat_rows
D:2:      kennysheep_the_goblin_king, layout_loops_corners, uniq_sigmund

Skill      XL: |  1  2  3 |
---------------+----------+-----
Axes           | 3 4 5 |  5.5
Fighting       | |  3.6
Armour         | |  3.6
Shields        | |  3.6

Action                   |  1- 3 |  4- 6 || total
-------------------------+-------+-------++-------
Melee: War axe           |    95 |    21 ||   116
       Headbutt          |    10 |     5 ||    15
Throw: Boomerang         |     2 |     1 ||     3
Armor: Scale mail        |    34 |     5 ||    39
Dodge: Dodged            |    27 |     5 ||    32
Block: Kite shield       |    41 |     3 ||    44
